 Dungeon Crawl Stone Soup version 0.32-a0-975-g85d4e5bfdb (webtiles) character file.

Game seed: 15378881236654110119

90 kae the Changeling (level 4, -1/32 HPs)
             Began as a Demonspawn Shapeshifter on Apr 18, 2024.
             Slain by a gnoll
             ... wielding a +0 club
              (6 damage)
             ... on level 3 of the Dungeon.
             The game lasted 00:01:13 (1852 turns).

kae the Changeling (Demonspawn Shapeshifter)        Turns: 1852, Time: 00:01:14

Health: -1/32      AC:  9    Str: 14    XL:     4   Next: 32%
Magic:  4/4        EV: -5    Int: 11    God:
Gold:   102        SH:  0    Dex: 14    Spells: 3/3 levels left

rFire   . .          .
                       - Unarmed
rCold   . . .        (no shield)
rNeg    . . .        f - +0 ring mail
rPois   +            (helmet currently unavailable)
rElec   .            (cloak currently unavailable)
rCorr   .            (gloves currently unavailable)
SInv    .            (boots currently unavailable)
Will    .....        (no amulet)
Stlth   +            O - +4 ring of protection
HPRegen 0.25/turn    P - ring of poison resistance
MPRegen 0.09/turn

%: no passive effects
@: beast-form, held, hasted, constricted, very quick
A: beast (slay +2), hooves 1, powered by pain 1
a: Begin Untransformation


You were on level 3 of the Dungeon.
You were a hulking beast.
You visited 1 branch of the dungeon, and saw 3 of its levels.

You collected 102 gold pieces.


Innate Abilities, Weirdness & Mutations

You are a hulking beast.
Your limbs bulge with bestial killing power. (Slay +2)
You have large cloven feet.
You sometimes gain a little power by taking damage.


   Skills:
 - Level 1.0 Fighting
 - Level 1.7 Dodging
 + Level 3.4 Unarmed Combat
 * Level 3.9 Shapeshifting


You had 3 spell levels left.
You didn't know any spells.
Your spell library contained the following spells:

 Spells                   Type           Power      Damage    Failure   Level
 Summon Small Mammal      Summ           0%         N/A       58%         1
 Lesser Beckoning         Tloc           0%         N/A       73%         2
 Call Canine Familiar     Summ           0%         N/A       91%         3
 Maxwell's Portable Pile  Tloc           0%         2d(5-13)  91%         3
 Teleport Other           Tloc           0%         N/A       91%         3
 Summon Blazeheart Golem  Fire/Summ      0%         N/A       100%        4
 Dispersal                Tloc           0%         N/A       100%        6
 Gell's Gavotte           Tloc           0%         2d(11-16) 100%        6

Inventory:

Missiles
 e - 7 poisoned darts
 g - 19 stones (quivered)
Armour
 a - a +0 animal skin
 f - a +0 ring mail (worn)
   (You found it on level 1 of the Dungeon)
Jewellery
 O - a +4 ring of protection (left hand)
   (You found it on level 1 of the Dungeon)
 P - a ring of poison resistance (right hand)
   (You found it on level 1 of the Dungeon)
Talismans
 c - a beast talisman (active)
 d - a flux talisman
Scrolls
 b - a scroll of immolation {unknown}
 i - a scroll of fear {unknown}
 j - a scroll of identify {unknown}

Dungeon Overview and Level Annotations

Branches:
Dungeon (3/15) Zot: 16156

Altars:

####### #...... #......
#......## #.......# #+#
#.....()# ########.#####
#.....Sg###.............
#.....ghg(..####.#.#####
#........#######.#.#
##.......# #.....#
#...$...# #.######
######..# ##......####
#>.. ............ ####
#######.#### #..).#
#.####


You could see 3 gnolls and a ball python.


Message History

You kill the ball python!
Found a stone staircase leading down.
No target in view!
No target in view!
There is a stone staircase leading down here.
A ribbon worm comes into view.
The ribbon worm expels a string of sticky webbing.
The stream of webbing misses you.
A ribbon worm is nearby!
The ribbon worm completely misses you.
A ribbon worm is nearby!
You hit the ribbon worm. You kick the ribbon worm.
The ribbon worm bites you but does no damage.
You hit the ribbon worm. You kick the ribbon worm.
A ribbon worm is nearby!
You hit the ribbon worm. The ribbon worm bites you.
You hit the ribbon worm.
You kick the ribbon worm, but do no damage.
The ribbon worm bites you. 😕 HP[-5]
You take 5 damage, and now have 27/32 hp.
A ribbon worm is nearby!
You hit the ribbon worm.
You kill the ribbon worm!
No target in view! 😕 HP[+1]
g - 19 stones (gained 6) Key pressed, stopping explore.
No target in view!
No target in view! 😎 HP[+4]
Your hp is fully restored (32).
You open the door.
There is an open door here.
j - a scroll labelled LYXA ROECUH No target in view!
No target in view!
There is an open door here.
You open the door.
There is an open door here.
You open the door.
There is an open door here.
You open the door.
There is an open door here.
There is an open door here.
You see here a +0 robe.
You open the door.
You now have 102 gold pieces (gained 10).
There is an open door here.
Key pressed, stopping explore.
No target in view!
No target in view!
You open the door.
There is an open door here.
You open the door.
There is an open door here.
A gnoll comes into view. It is wielding a +0 spear.
The gnoll shouts! 2 gnolls and a ball python come into view.
A gnoll is wielding a +0 flail and quivering 2 throwing nets.
Found 7 stones.
Found a stone staircase leading down.
The gnoll shouts!
The ball python hisses angrily.
The gnoll moves out of view.
The gnoll throws a throwing net.
The throwing net closely misses you.
There are monsters nearby!
The gnoll barely misses you.
You hit the gnoll but do no damage. You kick the gnoll.
The gnoll barely misses you.
The ball python completely misses you. x2
There are monsters nearby!
There are monsters nearby!
You barely miss the gnoll. You kick the gnoll.
The gnoll throws a throwing net.
The throwing net hits you.
You become entangled in the net!
The gnoll hits you with a +0 spear!
The ball python bites you but does no damage.
The ball python grabs you. The ball python constricts you.
You struggle against the net.
The ball python bites you but does no damage.
The ball python constricts you.
The gnoll hits you with a +0 spear. 😮 HP[-10]
You take 10 damage, and now have 22/32 hp.
MASSIVE DAMAGE!! (PAUSE)
You struggle against the net.
The ball python bites you but does no damage.
The ball python constricts you. The gnoll hits you but does no damage.
The gnoll hits you with a +0 spear!
* * * LOW HITPOINT WARNING * * *
The gnoll hits you with a +0 flail!
* * * LOW HITPOINT WARNING * * *
The ball python bites you but does no damage.
The ball python constricts you. 😱 HP[-14]
You take 14 damage, and now have 8/32 hp.
MASSIVE DAMAGE!! (PAUSE) It was a potion of haste.
You feel yourself speed up. The gnoll hits you with a +0 flail.
* * * LOW HITPOINT WARNING * * *
The gnoll hits you with a +0 club.
You die...

Skill      XL: |  1  2 |
---------------+-------+-----
Shapeshifting  | 3 |  3.9
Unarmed Combat | 3 |  3.4
Fighting       | |  1.0
Dodging        | |  1.7

Action                     |  1- 3 |  4- 6 || total
---------------------------+-------+-------++-------
  Melee: Unarmed           |    96 |    42 ||   138
         Punch             |     3 |       ||     3
         Kick              |     3 |     8 ||    11
    Use: Potion            |     2 |     1 ||     3
         Scroll            |     1 |     2 ||     3
 Armour: Ring mail         |    54 |    35 ||    89
         Animal skin       |     2 |       ||     2
         Skin              |    13 |       ||    13
  Dodge: Dodged            |    31 |    21 ||    52

Levels and vault maps discovered:
D:1:      heliophobic_arrival_battle_scene, layout_loops_corners,
          nicolae_the_louvre
D:2:      layout_basic, minmay_misc_feat_rugged, minmay_misc_feat_diagonals,
          uniq_robin
D:3:      layout_basic, minmay_strange_pillars

Notes
Turn   | Place    | Note
-------+----------+-------------------------------------------
     0 | D:1      | kae the Demonspawn Shapeshifter began the quest for the
                  | Orb.
     0 | D:1      | Reached XP level 1. HP: 15/15 MP: 1/1
     0 | D:1      | magus.rc [v1.11.3]
    79 | D:1      | You add the spells Teleport Other, Gell's Gavotte and
                  | Dispersal to your library.
   387 | D:1      | Reached skill level 3 in Shapeshifting
   535 | D:1      | Gained mutation: You sometimes gain a little power by
                  | taking damage. [demonic ancestry]
   535 | D:1      | Reached XP level 2. HP: 13/21 MP: 2/2
   688 | D:1      | You pick up a book of Callings and begin reading...
   688 | D:1      | You add the spells Summon Small Mammal, Call Canine
                  | Familiar and Summon Blazeheart Golem to your library.
   862 | D:2      | Reached skill level 3 in Unarmed Combat
   997 | D:2      | Gained mutation: You have large cloven feet. [demonic
                  | ancestry]
   997 | D:2      | Reached XP level 3. HP: 26/26 MP: 3/3
  1085 | D:2      | Noticed Robin
  1108 | D:2      | Killed Robin
  1151 | D:2      | Reached XP level 4. HP: 32/32 MP: 4/4
  1208 | D:2      | You pick up a book of Displacement and begin reading...
  1208 | D:2      | You add the spells Lesser Beckoning and Maxwell's Portable
                  | Piledriver to your library.
  1400 | D:2      | Identified the +0 scale mail of the Hills {Int+5}
  1851 | D:3      | HP: 8/32 [gnoll/+0 flail (7)]
  1852 | D:3      | Slain by a gnoll

Vanquished Creatures
  Robin (D:2)
  2 adders (D:2)
  A dart slug (D:2)
  A ribbon worm (D:3)
  An orc (D:3)
  4 ball pythons
  A bat (D:1)
  5 endoplasms
  3 giant cockroaches
  12 goblins (D:2)
  4 hobgoblins (D:2)
  3 jackals (D:2)
  2 kobolds
  A quokka (D:1)
  3 frilled lizards
  5 rats
49 creatures vanquished.

Table legend:
 A = Non-vault XP
 B = Vault XP
 C = Vault XP percentage of total XP
 D = Non-vault monster count
 E = Vault monster count
 F = Vault count percentage of total count
                 A         B        C        D         E       F
            +---------+---------+-------+---------+---------+-------
      Total |      90 |      39 |  30.2 |      36 |      13 |  26.5
            +---------+---------+-------+---------+---------+-------
        D:1 |      19 |       0 |   0.0 |      12 |       0 |   0.0
        D:2 |      57 |      39 |  40.6 |      17 |      13 |  43.3
        D:3 |      14 |       0 |   0.0 |       7 |       0 |   0.0
            +---------+---------+-------+---------+---------+-------

Skill      XL: |  1  2 |
---------------+-------+-----
Shapeshifting  | 3 |  3.9
Unarmed Combat | 3 |  3.4
Fighting       | |  1.0
Dodging        | |  1.7

Action                     |  1- 3 |  4- 6 || total
---------------------------+-------+-------++-------
  Melee: Unarmed           |    96 |    42 ||   138
         Punch             |     3 |       ||     3
         Kick              |     3 |     8 ||    11
    Use: Potion            |     2 |     1 ||     3
         Scroll            |     1 |     2 ||     3
 Armour: Ring mail         |    54 |    35 ||    89
         Animal skin       |     2 |       ||     2
         Skin              |    13 |       ||    13
  Dodge: Dodged            |    31 |    21 ||    52

Illustrated notes

Table legend:
 A = Kills in this place as a percentage of kills in the entire game.
 B = Kills by you in this place as a percentage of kills by you in the entire game.
 C = Kills by friends in this place as a percentage of kills by friends in the entire game.
 D = Other kills in this place as a percentage of other kills in the entire game.
 E = Experience gained in this place as a percentage of experience gained in the entire game.
 F = Experience gained in this place divided by the number of levels of this place that you have seen.
                   A       B       C       D       E      F
               +-------+-------+-------+-------+-------+----------------------
         Total | 100.0 | 100.0 |   N/A |   N/A | 100.0 |  43.0
       Dungeon | 100.0 | 100.0 |   N/A |   N/A | 100.0 |  43.0
               +-------+-------+-------+-------+-------+----------------------

Table legend: (Time is in decaauts)
 A = Elapsed time spent in this place.
 B = Non-inter-level travel time spent in this place.
 C = Inter-level travel time spent in this place.
 D = Time resting spent in this place.
 E = Time spent auto-exploring this place.
 F = Levels seen in this place.
 G = Mean time per level.
                   A        B        C        D        E       F      G
               +--------+--------+--------+--------+--------+-----+--------+
         Total |   1842 |   1778 |     64 |      0 |   1480 |   3 |  614.0 |
       Dungeon |   1842 |   1778 |     64 |      0 |   1480 |   3 |  614.0 |
               +--------+--------+--------+--------+--------+-----+--------+

Top non-repeatable levels by time:
     D:1: 768 daAuts
     D:2: 750 daAuts
     D:3: 323 daAuts
